 Dungeon Crawl Stone Soup version 0.31-a0-44-g49d609d0da (webtiles) character file.

Game seed: 4845979468399223580

14407 Gargoyl the Fighter (level 12, 0/84 HPs)
             Began as a Gargoyle Berserker on May 20, 2023.
             Was an Elder of Trog.
             Slain by a komodo dragon (21 damage)
             ... on level 2 of the Lair of Beasts.
             The game lasted 00:15:06 (10914 turns).

Gargoyl the Fighter (Gargoyle Berserker)           Turns: 10914, Time: 00:15:07

Health: 0/84       AC: 29    Str: 25    XL:     12   Next: 16%
Magic:  12/12      EV: 10    Int:  8    God:    Trog [****..]
Gold:   1034       SH:  0    Dex: 13    Spells: 11/11 levels left

rFire   . . .        z - -1 war axe (venom)
rCold   . . .        (no shield)
rNeg    + . .        k - +4 chain mail of Midnight {Rampage rPois Str+3}
rPois   ∞            s - +0 helmet
rElec   +            d - +2 cloak {rPois}
rCorr   .            (no gloves)
SInv    .            (no boots)
Will    ++...        (no amulet) Stlth
                     g - ring of flight
HPRegen 1.34/turn    (no ring)
MPRegen 0.13/turn

%: rampage
@: strong-willed, on berserk cooldown, flying, regenerating, slowed, studying
Fighting, very slow
A: sickness immunity, AC +8, negative energy resistance 1, electricity
resistance, torment resistance 1, petrification resistance
a: Renounce Religion, Berserk, Trog's Hand, Brothers in Arms


You were on level 2 of the Lair of Beasts.
You worshipped Trog.
Trog was greatly pleased with you.
You visited 2 branches of the dungeon, and saw 12 of its levels.
You also visited: Ossuary and Bailey.

You collected 1302 gold pieces.
You spent 268 gold pieces at shops.

Inventory:

Hand Weapons
 o - a +3 flail of protection
 t - a +4 war axe
 z - a -1 war axe of venom (weapon)
Missiles
 h - 18 poisoned darts
Armour
 d - a +2 cloak of poison resistance (worn)
 k - the +4 chain mail of Midnight (worn) {Rampage rPois Str+3}
   (You found it on level 2 of the Dungeon)

   Str:       It affects your strength (+3).
   rPois:     It protects you from poison.
   Rampage:   It bestows one free step when moving towards enemies.
 s - a +0 helmet (worn)
Jewellery
 f - an amulet of regeneration
 g - a ring of flight (left hand)
 u - a ring of ice
Wands
 b - a wand of polymorph (11)
 c - a wand of roots (19)
 i - a wand of flame (18) (quivered)
 j - a wand of light (5)
 D - a wand of charming (5)
Scrolls
 a - 9 scrolls of identify
 e - 5 scrolls of fear
 y - 9 scrolls of teleportation
 B - a scroll of poison
Potions
 l - a potion of ambrosia
 m - 4 potions of cancellation
 n - 5 potions of lignification
 p - 3 potions of curing
 q - a potion of heal wounds
 r - 5 potions of flight
 v - a potion of haste {unknown}
 w - 3 potions of brilliance {unknown}
 x - a potion of might
 A - a potion of invisibility {unknown}
 C - 2 potions of mutation {unknown}
 F - a potion of resistance {unknown}


   Skills:
 + Level 13.8 Fighting
 + Level 13.0 Axes
 + Level 9.8 Armour
 + Level 4.6 Dodging
 + Level 1.9 Stealth


You had 11 spell levels left.
You didn't know any spells.
Your spell library was empty.

Dungeon Overview and Level Annotations

Branches:
Dungeon (10/15)            Temple (0/1) D:5            Lair (2/5) D:10
  Snake (0/4) Lair:2      Ossuary (visited)          Bailey (visited)
  Swamp: Lair:2-3    Shoals: Lair:2-3       Orc: D:9-12

Altars:
Ashenzari
Dithmenos
Kikubaaqudgha
Ru
Uskayaw
Zin

Shops:
D:6 *   D:10 ?


Innate Abilities, Weirdness & Mutations

You are immune to sickness and miasma.
Your stone body is resilient. (AC +8)
You are immune to poison.
You resist negative energy. (rN+)
You are resistant to electric shocks. (rElec)
You are resistant to unholy torment.
You are immune to petrification.


Message History

Trog accepts your kill.
Your Axes skill increases to level 13!
The basilisk bites you but does no damage.
You slice the basilisk!!
The basilisk is poisoned.
The basilisk is heavily wounded.
The basilisk bites you!
You barely miss the basilisk.
The basilisk is heavily wounded.
You miss the basilisk.
The basilisk is heavily wounded.
The basilisk closely misses you.
You closely miss the basilisk.
The basilisk is heavily wounded.
You slice the basilisk!!
You kill the basilisk!
Trog accepts your kill.
You feel a strong urge to attack something.
You see here a komodo dragon corpse.
You are no longer berserk.
You are exhausted.
You feel yourself slow down.
You see here 6 stones.
Okay, then.
A komodo dragon comes into view.
The komodo dragon bites you!!
* * * LOW HITPOINT WARNING * * *
You slash the komodo dragon!
The komodo dragon is poisoned.
The komodo dragon is moderately wounded.
The komodo dragon barely misses you.
You slash the komodo dragon!
The komodo dragon looks as sick as possible!
The komodo dragon is heavily wounded.
The komodo dragon bites you but does no damage.
Unknown command.
Your skin crawls.
You feel strong-willed. The komodo dragon bites you.
* * * LOW HITPOINT WARNING * * *
The komodo dragon bites you!!
You die...

**,,,,* ##....P# ***,,**
#......# ***,*,,,*
#....... *,,,,*,**
##....... **,,,,,,*
#........ **,,,,,,**
###....... *,,*,****
#.#†......
**,,,*############........
**,,*#.l@.....(.†.......#
#......................#
#......................#
##......................
#####.................#
#######.#####.##### ###
*##


You could see a komodo dragon (extremely poisoned).

Vanquished Creatures
  The ghost of PirateVox the Ruffian, a novice TrMo of Hepliaklqana (D:7)
  A black mamba (Lair:2)
  The ghost of blade888 the Chopper, a novice MiFi of Gozag (D:5)
  Joseph (D:9)
  A cane toad (Lair:2)
  3 komodo dragons
  2 trolls
  2 hornets
  A polar bear (Lair:2)
  4 wyverns
  16 yaks
  2 basilisks
  2 steam dragons
  Edmund (D:4)
  3 acid dragons
  2 water moccasins (Lair:1)
  Duvessa (D:4)
  2 sky beasts (D:7)
  7 orc warriors
  2 black bears
  3 ice beasts
  10 wolves
  An ogre (D:7)
  5 centaurs
  2 phantoms
  4 kobold brigands
  Blork the orc (D:6)
  The ghost of nubinia the Gusty, an amateur TeAE (D:3)
  6 bullfrogs
  2 scorpions
  A gnoll sergeant (D:10)
  5 wights (D:8)
  Dowan (D:4)
  15 killer bees
  2 howler monkeys
  3 centaur zombies (Ossuary)
  A jelly (D:5)
  5 orc priests
  2 hounds (D:5)
  2 iguanas
  6 orc wizards
  4 mummies (Ossuary)
  12 gnolls
  8 adders
  A shadow imp (D:6)
  3 white imps
  A worm (D:2)
  A dart slug (D:1)
  37 orcs
  5 bats
  12 endoplasms
  A giant cockroach (D:1)
  7 goblins
  12 hobgoblins
  5 quokkas
  4 ball pythons
  4 frilled lizards
  A hobgoblin zombie (Ossuary)
  29 kobolds
  2 kobold zombies (Ossuary)
  2 orc zombies (Ossuary)
  8 rats
292 creatures vanquished.

Vanquished Creatures (collateral kills)
  A two-headed ogre (D:10)
  4 orc warriors (Bailey)
  A gnoll (Bailey)
  An orc (Bailey)
  A goblin (Bailey)
  2 hobgoblins (Bailey)
  A kobold (Bailey)
11 creatures vanquished.

Vanquished Creatures (others)
  A scorpion (D:4)
1 creature vanquished.

Grand Total: 304 creatures vanquished

Notes
Turn   | Place    | Note
-------+----------+-------------------------------------------
     0 | D:1      | Gargoyl the Gargoyle Berserker began the quest for the Orb.
     0 | D:1      | Reached XP level 1. HP: 14/14 MP: 1/1
    87 | D:1      | Identified a scroll of acquirement
    87 | D:1      | Acquired a manual of Fighting
   194 | D:1      | Found a faded altar of an unknown god.
   310 | D:1      | Reached XP level 2. HP: 16/20 MP: 2/2
   691 | D:1      | Reached XP level 3. HP: 16/24 MP: 3/3
  1201 | D:2      | Identified the +4 chain mail of Midnight {Rampage rPois
                  | Str+3}
  1440 | D:2      | Found a glowing silver altar of Zin.
  1928 | D:3      | Found a transporter.
  1947 | D:3      | Found a transporter.
  1950 | D:3      | You are sucked into a shaft and drop 1 floor!
  2006 | D:4      | Reached ** piety under Trog
  2026 | D:4      | Noticed a centaur
  2037 | D:4      | Killed a centaur
  2038 | D:4      | Reached XP level 4. HP: 30/30 MP: 4/4
  2038 | D:4      | Reached XP level 5. HP: 34/34 MP: 5/5
  2078 | D:4      | Found a broken altar of Ashenzari.
  2095 | D:4      | Noticed Dowan
  2096 | D:4      | Noticed Duvessa
  2107 | D:4      | Killed Duvessa
  2108 | D:4      | Reached skill level 5 in Fighting
  2108 | D:4      | Reached XP level 6. HP: 40/40 MP: 6/6
  2137 | D:4      | Killed Dowan
  2138 | D:4      | Reached skill level 5 in Axes
  2199 | D:4      | Noticed Edmund
  2218 | D:4      | Killed Edmund
  2219 | D:4      | Reached skill level 1 in Stealth
  2219 | D:4      | Reached XP level 7. HP: 27/45 MP: 7/7
  2353 | D:3      | Noticed nubinia's ghost (amateur TeAE)
  3228 | D:5      | Entered Level 5 of the Dungeon
  3228 | D:5      | Found a runed translucent gate.
  3228 | D:5      | Found a runed translucent gate.
  3228 | D:5      | Found a runed translucent gate.
  3229 | D:5      | Noticed blade888's ghost (novice MiFi)
  3293 | D:3      | Killed nubinia's ghost
  3294 | D:3      | Reached XP level 8. HP: 41/52 MP: 8/8
  4140 | D:5      | Reached skill level 5 in Armour
  4154 | D:5      | Found a staircase to the Ecumenical Temple.
  4483 | D:5      | Killed blade888's ghost
  4589 | D:6      | Found a sand-covered staircase.
  4615 | Ossuary  | Entered an ossuary
  4792 | Ossuary  | Reached XP level 9. HP: 60/60 MP: 9/9
  4923 | D:6      | Found Ea-nāṣir's Fine Metal Goods.
  4990 | D:6      | Bought a runed war axe for 136 gold pieces
  5187 | D:6      | Noticed Blork the orc
  5191 | D:6      | Found an ancient bone altar of Kikubaaqudgha.
  5199 | D:6      | Killed Blork the orc
  5417 | D:6      | Found a shadowy altar of Dithmenos.
  5419 | D:6      | Found a hide-covered altar of Uskayaw.
  5426 | D:6      | Found a sacrificial altar of Ru.
  5665 | D:7      | Noticed PirateVox's ghost (novice TrMo)
  5688 | D:7      | Noticed a hornet
  5739 | D:7      | Found a transporter.
  5744 | D:7      | Found a transporter.
  6222 | D:7      | Reached skill level 10 in Fighting
  6325 | D:7      | Found the +7 great mace "Firestarter" {flame, immolate,
                  | rFlCloud rF++}
  6348 | D:7      | Reached XP level 10. HP: 48/68 MP: 10/10
  6676 | D:7      | Reached *** piety under Trog
  6695 | D:7      | Killed PirateVox's ghost
  6872 | D:8      | Reached skill level 10 in Axes
  7576 | D:9      | Noticed a white ugly thing
  7580 | D:9      | Reached XP level 11. HP: 76/76 MP: 11/11
  7742 | D:9      | Noticed Joseph
  7752 | D:9      | Killed Joseph
  7856 | D:9      | Identified the +10 scimitar "Xuddir" {speed, rElec MP-9
                  | Int+5}
  8203 | D:10     | Entered Level 10 of the Dungeon
  8273 | D:10     | Found Kiva Lev's Magic Scroll Shop.
  8274 | D:10     | Found a staircase to the Lair.
  8309 | D:10     | Found a flagged portal.
  8318 | Bailey   | Entered a bailey
  8382 | Bailey   | Reached **** piety under Trog
  8692 | D:10     | Bought a scroll of teleportation for 33 gold pieces
  8692 | D:10     | Bought a scroll of teleportation for 33 gold pieces
  8692 | D:10     | Bought a scroll of teleportation for 33 gold pieces
  8692 | D:10     | Bought a scroll of teleportation for 33 gold pieces
  9344 | D:10     | Noticed a two-headed ogre
  9350 | D:10     | Killed a two-headed ogre
  9772 | Lair:1   | Entered Level 1 of the Lair of Beasts
 10132 | Lair:1   | Reached XP level 12. HP: 84/84 MP: 12/12
 10914 | Lair:2   | Slain by a komodo dragon

Illustrated notes

Levels and vault maps discovered:
D:1:      minmay_arrival_jagged, layout_loops_corners,
          chequers_ecumenical_altar_simple_redux
D:2:      layout_basic, basic_altar
D:3:      layout_basic, gammafunk_ghost_arena, kennysheep_another_room
D:4:      layout_loops_ring, mainiacjoe_overflow_brackets, minmay_bisected,
          uniq_duvessa, uniq_edmund
D:5:      layout_basic, minmay_temple_entry_overgrown, gammafunk_ghost_split,
          minmay_holes, minmay_misc_feat_tower
D:6:      layout_basic, grunt_temple_overflow_diamond,
          mainiacjoe_overflow_small_starburst, nicolae_ossuary_entry_ruins,
          nicolae_ea-nasir_strikes_again, uniq_blork_the_orc
D:7:      layout_gridville, gammafunk_ghost_hive
D:8:      layout_cave_pools
D:9:      layout_basic, uniq_joseph
D:10:     layout_layer_cave, david_lair_shrubbed, enter_bailey_2, serial_shops,
          shop
Lair:1:   layout_misc_corridors, minivault_24, fungi_pond_lemuel
Lair:2:   layout_cellular_growth, dummy_snake_entry,
          nicolae_volcano_entry_s_turn, grunt_megastairs_2,
          infiniplex_staircase_pool

Skill      XL: |  1  2  3  4  5  6  7  8  9 10 11 12 |
---------------+-------------------------------------+-----
Axes           | 3 4 5 6 7 9 10 12 13 | 13.0
Fighting       | 4 5 6 8 10 12 13 | 13.8
Armour         | 3 4 6 7 8 9 |  9.8
Dodging        | 2 4 |  4.6
Stealth        | 1 |  1.9

Action                     |  1- 3 |  4- 6 |  7- 9 | 10-12 || total
---------------------------+-------+-------+-------+-------++-------
  Melee: Hand axe          |   126 |    65 |   285 |       ||   476
         Punch             |     2 |       |     2 |     5 ||     9
         War axe           |       |       |   125 |   324 ||   449
 Invoke: Berserk           |     2 |     2 |    11 |     6 ||    21
         Trog's Hand       |     1 |     3 |     5 |     7 ||    16
         Brothers in Arms  |       |       |       |     2 ||     2
    Use: Scroll            |     6 |       |     6 |    13 ||    25
         Potion            |       |       |     4 |     2 ||     6
 Armour: Ring mail         |    34 |       |       |       ||    34
         Chain mail        |    34 |    50 |   311 |   306 ||   701
  Dodge: Dodged            |    73 |    34 |   186 |   248 ||   541

Table legend: (Time is in decaauts)
 A = Elapsed time spent in this place.
 B = Non-inter-level travel time spent in this place.
 C = Inter-level travel time spent in this place.
 D = Time resting spent in this place.
 E = Time spent auto-exploring this place.
 F = Levels seen in this place.
 G = Mean time per level.
                   A        B        C        D        E       F      G
               +--------+--------+--------+--------+--------+-----+--------+
         Total |  11085 |  10778 |    307 |    351 |   8048 |  14 |  791.8 |
       Dungeon |   9437 |   9167 |    270 |    238 |   6993 |  10 |  943.7 |
          Lair |   1140 |   1104 |     36 |    113 |    807 |   2 |  570.0 |
       Ossuary |    241 |    241 |      0 |      0 |    127 |   1 |  241.0 |
        Bailey |    266 |    266 |      0 |      0 |    121 |   1 |  266.0 |
               +--------+--------+--------+--------+--------+-----+--------+

Top non-repeatable levels by time:
    D:10: 1294 daAuts
     D:7: 1269 daAuts
     D:5: 1248 daAuts
     D:1: 976 daAuts
     D:2: 873 daAuts
     D:3: 814 daAuts
     D:6: 812 daAuts
     D:4: 779 daAuts
     D:9: 696 daAuts
  Lair:1: 688 daAuts
     D:8: 671 daAuts
  Lair:2: 451 daAuts
  Bailey: 266 daAuts
 Ossuary: 241 daAuts
